 Dungeon Crawl Stone Soup version 0.20-a0-1018-ge435b50 (webtiles) character file.

20 dvd the Chiller (level 2, 0/19 HPs)
             Began as a Demonspawn Ice Elementalist on Apr 17, 2017.
             Slain by a gnoll
             ... wielding a +0 spear
              (1 damage)
             ... on level 2 of the Dungeon.
             The game lasted 00:02:30 (1248 turns).

dvd the Chiller (Demonspawn Ice Elementalist)       Turns: 1248, Time: 00:02:31

Health: 0/19       AC:  6    Str:  8    XL:     2   Next: 58%
Magic:  1/5        EV: 11    Int: 16    God:
Gold:   85         SH:  0    Dex: 13    Spells: 2/5 levels left

rFire    . . .     SeeInvis .   g - +0 whip
rCold    + . .     Gourm    .   (no shield)
rNeg     . . .     Faith    .   j - +0 leather armour
rPois    .         Spirit   .   (no helmet)
rElec    .         Reflect  .   (no cloak)
rCorr    .         Harm     .   (no gloves)
MR       .....                  n - +2 pair of boots
Stlth    ++........             (no amulet)
Regen    0.1/turn               (no ring)
MPRegen  0.1/turn               (no ring)

@: no status effects
A: cold resistance 1
a: no special abilities


You were on level 2 of the Dungeon.
You were not hungry.

You visited 1 branch of the dungeon, and saw 2 of its levels.

You collected 85 gold pieces.

Inventory:

Hand Weapons
 g - a +0 whip (weapon)
Armour
 a - a +0 robe
 j - a +0 leather armour (worn)
 n - a +2 pair of boots (worn)
Scrolls
 d - 2 scrolls of teleportation {unknown}
 k - a scroll of identify
Potions
 e - a potion of agility {unknown}
 i - a potion of haste
 l - 2 potions of brilliance {unknown}
Books
 b - a book of Frost

   Spells                             Type                      Level
   a - Freeze                         Ice                          1
   b - Throw Frost                    Conjuration/Ice              2
   c - Ozocubu's Armour               Charms/Ice                   3
   d - Throw Icicle                   Conjuration/Ice              4
   e - Summon Ice Beast               Ice/Summoning                4
Comestibles
 c - a bread ration
 f - 2 royal jellies
 h - a meat ration
 m - a chunk of flesh


   Skills:
 + Level 1.8 Dodging
 + Level 1.9 Stealth
 + Level 2.4 Spellcasting
 + Level 1.0 Conjurations
 + Level 3.1 Ice Magic


You had 2 spell levels left.
You knew the following spells:

 Your Spells              Type           Power        Failure   Level  Hunger
a - Freeze                Ice            ##..         10%         1    #......
b - Throw Frost           Conj/Ice       #.....       21%         2    ###....


Dungeon Overview and Level Annotations

Branches:
Dungeon (2/15)

Altars:


Innate Abilities, Weirdness & Mutations

Your flesh is cold resistant. (rC+)


Message History

You hit the gnoll but do no damage. The gnoll hits you with a spear.
Casting: Throw Frost
Confirm with . or Enter, or press ? or * to list all spells.
Aiming: Freeze
Press: ? - help, Shift-Dir - straight line, f/p - gnoll
Aim: a gnoll, wielding a spear and wearing a robe You freeze the gnoll.
The gnoll is moderately wounded.
The gnoll hits you with a spear!
Ouch! That really hurt!
* * * LOW HITPOINT WARNING * * *
Casting: Freeze
Confirm with . or Enter, or press ? or * to list all spells.
Aiming: Freeze
Press: ? - help, Shift-Dir - straight line, f/p - gnoll
Aim: a gnoll, wielding a spear and wearing a robe (moderately wounded)
You freeze the gnoll.
The gnoll is almost dead.
The gnoll hits you with a spear.
You die...

#########################.
#.........................
.>######........@g........
..######...########.......
......####.### .......
...#..####...##... .......
#..#.............. .....g.
##.......###.##... .......
#........##...... .......
#........#....#...####...
#.......)#..<.....#


You could see a gnoll.

Vanquished Creatures
  An adder (D:2)
  A leopard gecko (D:2)
  A bat (D:1)
  A hobgoblin (D:2)
  2 kobolds (D:1)
  2 frilled lizards
  3 rats (D:1)
11 creatures vanquished.

Notes
Turn   | Place    | Note
-------+----------+-------------------------------------------
     0 | D:1      | dvd the Demonspawn Ice Elementalist began the quest for the Orb.
     0 | D:1      | Reached XP level 1. HP: 13/13 MP: 3/3
   522 | D:1      | Reached skill level 3 in Ice Magic
   677 | D:2      | Gained mutation: Your flesh is cold resistant. (rC+) [demonic ancestry]
   677 | D:2      | Reached XP level 2. HP: 10/19 MP: 0/5
   993 | D:2      | Learned a level 2 spell: Throw Frost
  1248 | D:2      | Slain by a gnoll

Vault maps used:
D:1:      elethiomel_arrival_infinity_welcomes_careful_drivers,
          serial_corexii_hall, corexii_hall_statues_t, corexii_hall_statues_l,
          feat_on_display
D:2:      okawaru_metal_pillars_1_2

Skill      XL: |  1 |
---------------+----+-----
Ice Magic      | 3 |  3.1
Dodging        | |  1.8
Stealth        | |  1.9
Spellcasting   | |  2.4
Conjurations   | |  1.0

Action                   || total
-------------------------++-------
Melee: Whip              ||     7
 Cast: Freeze            ||    20
       Throw Frost       ||     1
  Use: Scroll            ||     2
  Eat: Chunk             ||     1
Armor: Leather armour    ||     2
       Robe              ||     1
Dodge: Dodged            ||    10
